[Event "Titled Tuesday Blitz February 14 Early 2023"]
[White "Domingo Nunez, Ruben"]
[Black "Bok, Benjamin"]
[WhiteFideId "22245570"]
[BlackFideId "1017063"]
[WhiteElo "2416"]
[BlackElo "2607"]
[Result "0-1"]
[Round "02"]
[TimeControl "180+2"]
[Date "2023.02.15"]
[WhiteClock "0:00:14"]
[BlackClock "0:00:10"]

1. b3 d5 2. Bb2 Bf5 3. Nf3 e6 4. g3 h6 5. Bg2 Nf6 6. O-O Be7 7. d3 O-O 8. Ne5 Bh7 9. Nd2 c6 10. e4 a5 11. a4 Na6 12. Kh1 Nb4 13. f4 Qc7 14. Ng4 Qd8 15. f5 exf5 16. Nxf6+ Bxf6 17. e5 Be7 18. Nf3 c5 19. c3 Nc6 20. d4 cxd4 21. cxd4 Rc8 22. Ne1 Nb4 23. Nd3 Nxd3 24. Qxd3 f4 25. Qb5 Rc2 26. Bc1 fxg3 27. hxg3 Be4 28. Bxe4 dxe4 29. d5 Qc8 30. e6 fxe6 31. d6 Bxd6 32. Be3 e5 33. Qd5+ Kh8 34. Kg1 Qh3 35. Bf2 Bc5 36. Qxe5 Bxf2+ 37. Rxf2 Rcxf2 0-1


[Site "https://www.chess.com"]

[Event "Titled Tuesday Blitz February 14 Early 2023"]
[White "Sjugirov, Sanan"]
[Black "Kvaloy, Aksel Bu"]
[WhiteFideId "4189302"]
[BlackFideId "1528815"]
[WhiteElo "2712"]
[BlackElo "2321"]
[Result "1/2-1/2"]
[Round "02"]
[TimeControl "180+2"]
[Date "2023.02.15"]
[WhiteClock "0:00:02"]
[BlackClock "0:00:07"]

1. d4 Nf6 2. c4 e6 3. Nf3 d5 4. Nc3 Bb4 5. Bg5 h6 6. Bxf6 Qxf6 7. e3 O-O 8. cxd5 exd5 9. Bd3 c6 10. O-O Bg4 11. h3 Bxf3 12. Qxf3 Qxf3 13. gxf3 Nd7 14. a3 Bd6 15. Kg2 f5 16. h4 h5 17. f4 g6 18. Ne2 Be7 19. Rh1 Rac8 20. Rad1 Kg7 21. Ng1 c5 22. dxc5 Nxc5 23. Nf3 Bf6 24. b4 Ne4 25. Bxe4 dxe4 26. Ng5 Bxg5 27. fxg5 Rfd8 28. Rxd8 Rxd8 29. Rc1 Rd7 30. Kg3 Kf7 31. Rc8 Re7 32. Kf4 Kg7 33. a4 Kf7 34. b5 b6 35. Rc6 Kg7 36. Rf6 Kh7 37. Rd6 Kg7 38. Rd8 Kf7 39. Rc8 Kg7 40. Rc6 Kf7 41. a5 bxa5 42. Ra6 Rb7 43. Rxa5 Ke6 44. Ra6+ Kf7 45. Ra5 Ke6 46. Ra2 Kf7 47. Ra6 Kg7 48. Ra5 Re7 49. Ra4 Kf7 50. Ra6 Rb7 51. Ra5 1/2-1/2


[Site "https://www.chess.com"]

[Event "Titled Tuesday Blitz February 14 Early 2023"]
[White "Dobrikov, Marco"]
[Black "Drygalov, Sergey"]
[WhiteFideId "12950378"]
[BlackFideId "24171743"]
[WhiteElo "2269"]
[BlackElo "2547"]
[Result "0-1"]
[Round "02"]
[TimeControl "180+2"]
[Date "2023.02.15"]
[WhiteClock "0:01:38"]
[BlackClock "0:01:37"]

1. c4 e5 2. Nc3 Nf6 3. Nf3 Nc6 4. g3 d5 5. cxd5 Nxd5 6. Bg2 Nb6 7. O-O Be7 8. b3 O-O 9. Bb2 Re8 10. d3 Bf8 11. Rc1 Nd4 12. Nxd4 exd4 13. Ne4 c6 14. Rc2 a5 15. Nc5 a4 16. b4 a3 17. Bc1 Bxc5 18. Rxc5 Na4 19. Rc2 Nc3 20. Qd2 Rxe2 21. Qxe2 Nxe2+ 22. Rxe2 Be6 23. Bf4 h6 24. Rb1 Bd5 25. Bxd5 Qxd5 26. Re7 0-1


[Site "https://www.chess.com"]

[Event "Titled Tuesday Blitz February 14 Early 2023"]
[White "Demchenko, Anton"]
[Black "Horobetz, Graham"]
[WhiteFideId "4160258"]
[BlackFideId "2047322"]
[WhiteElo "2623"]
[BlackElo "2140"]
[Result "1-0"]
[Round "02"]
[TimeControl "180+2"]
[Date "2023.02.15"]
[WhiteClock "0:00:32"]
[BlackClock "0:00:11"]

1. e4 c5 2. Nf3 d6 3. d4 cxd4 4. Nxd4 Nf6 5. Nc3 a6 6. f3 e5 7. Nb3 Be7 8. Be3 Be6 9. Qd2 h5 10. O-O-O Nbd7 11. Kb1 Rc8 12. Bg5 b5 13. a3 Qc7 14. h4 Nb6 15. Bxf6 gxf6 16. Na5 Nc4 17. Nxc4 bxc4 18. Nd5 Qc5 19. Qb4 Qxb4 20. axb4 Bd8 21. Be2 Rg8 22. g4 hxg4 23. fxg4 Rh8 24. h5 Bxd5 25. Rxd5 Ke7 26. Rhd1 Rc6 27. c3 Bb6 28. Kc2 Be3 29. Ra1 Bg5 30. Rda5 Rd8 31. Rxa6 Rxa6 32. Rxa6 d5 33. Ra7+ Kf8 34. exd5 Rxd5 35. Bxc4 Rd2+ 36. Kb3 e4 37. Rxf7+ Ke8 38. h6 e3 39. h7 Rh2 40. Rg7 Kf8 41. Rg8+ Ke7 42. h8=Q 1-0


[Site "https://www.chess.com"]

[Event "Titled Tuesday Blitz February 14 Early 2023"]
[White "Florescu, Codrut-Constantin"]
[Black "Timofeev, Artyom"]
[WhiteFideId "1202200"]
[BlackFideId "4140419"]
[WhiteElo "2259"]
[BlackElo "2567"]
[Result "0-1"]
[Round "02"]
[TimeControl "180+2"]
[Date "2023.02.15"]
[WhiteClock "0:01:56"]
[BlackClock "0:01:48"]

1. e4 d6 2. d4 Nf6 3. Nc3 g6 4. Bg5 h6 5. Bh4 Bg7 6. f3 O-O 7. Nge2 a6 8. Qd2 b5 9. a4 b4 10. Nd1 c5 11. d5 e6 12. Ne3 Nxe4 13. Bxd8 Nxd2 14. Be7 Nxf1 15. Kxf1 Re8 16. Bxd6 Nd7 17. dxe6 Rxe6 18. Nc4 a5 19. Rd1 Ba6 20. b3 Bxc4 21. bxc4 Nb6 22. Bxc5 Nxa4 23. Bf2 Nb2 0-1


[Site "https://www.chess.com"]

[Event "Titled Tuesday Blitz February 14 Early 2023"]
[White "Sanal, Vahap"]
[Black "Martynov, Pavel"]
[WhiteFideId "6300545"]
[BlackFideId "4101260"]
[WhiteElo "2600"]
[BlackElo "2414"]
[Result "1-0"]
[Round "02"]
[TimeControl "180+2"]
[Date "2023.02.15"]
[WhiteClock "0:01:02"]
[BlackClock "0:00:02"]

1. e4 c5 2. Nc3 Nc6 3. Bb5 Qc7 4. Nf3 e6 5. O-O Nge7 6. Re1 a6 7. Bf1 b5 8. a4 b4 9. Ne2 Bb7 10. b3 d5 11. exd5 Nxd5 12. Bb2 Bd6 13. Ng3 h5 14. Ne4 O-O-O 15. Nxd6+ Qxd6 16. d4 Nf4 17. dxc5 Qxc5 18. Qc1 Qf5 19. Qe3 Rh6 20. Rad1 Rg8 21. Nh4 Qg4 22. Qg3 g5 23. Nf3 Qf5 24. h4 Rhg6 25. hxg5 f6 26. Nh4 Qxg5 27. Nxg6 Rxg6 28. Qxg5 Rxg5 29. Bxf6 Rg6 30. Bh4 e5 31. Bg3 Nd4 32. Rxd4 exd4 33. Bxf4 h4 34. Re7 h3 35. Rc7+ 1-0


[Site "https://www.chess.com"]

[Event "Titled Tuesday Blitz February 14 Early 2023"]
[White "McCoy, Owen"]
[Black "Chigaev, Maksim"]
[WhiteFideId "30924502"]
[BlackFideId "4108116"]
[WhiteElo "2085"]
[BlackElo "2628"]
[Result "0-1"]
[Round "02"]
[TimeControl "180+2"]
[Date "2023.02.15"]
[WhiteClock "0:00:02"]
[BlackClock "0:00:12"]

1. e4 c5 2. Nf3 e6 3. d4 cxd4 4. Nxd4 Nf6 5. Nc3 Nc6 6. Nxc6 bxc6 7. e5 Nd5 8. Ne4 Bb7 9. c4 Nb4 10. Bg5 Qc7 11. f4 c5 12. Nc3 Nc6 13. Bd3 Nxe5 14. O-O Nxd3 15. Qxd3 Qc6 16. Rf2 f6 17. Bh4 Be7 18. f5 O-O 19. Re1 Bd6 20. Bg3 Bxg3 21. Qxg3 Kh8 22. h3 Rae8 23. Re4 exf5 24. Rh4 Kg8 25. Rxf5 Re3 26. Qf2 Re1+ 27. Kh2 Qd6+ 28. Rhf4 Re5 29. Qg3 Rxf5 30. Rxf5 Qxg3+ 31. Kxg3 d6 32. Nb5 Rd8 33. Rf2 Kf7 34. Rd2 Ke7 35. a3 a6 36. Nc3 Bc6 37. Re2+ Kd7 38. Rd2 Rb8 39. Kf2 Ke6 40. Ne2 g5 41. g3 h5 42. h4 a5 43. Nc3 Rg8 44. Ne2 gxh4 45. gxh4 Rg4 46. Rd3 Rxh4 47. Re3+ Kf7 48. Rd3 Ke7 49. Re3+ Kd7 50. Rg3 Rxc4 51. Rg7+ Ke6 52. Ke3 Re4+ 53. Kd2 h4 54. Rh7 Rg4 55. Ke3 Re4+ 56. Kd2 a4 57. Nc3 Rg4 58. Ke3 d5 59. Ne2 d4+ 60. Kd2 Rg2 61. Ke1 Rh2 62. Nf4+ Kf5 63. Nd3 Be4 64. Nxc5 Bf3 65. Nxa4 d3 66. Nc3 d2+ 67. Kf1 d1=Q+ 68. Nxd1 Bxd1 69. b4 Bf3 70. Kg1 Rg2+ 71. Kf1 Rg4 72. a4 Rxb4 73. Kf2 Bg4 74. Rxh4 Rf4+ 75. Kg1 Rxa4 76. Rh8 Kg5 77. Rg8+ Kf4 78. Rf8 f5 79. Kf2 Ra2+ 80. Ke1 Kg3 81. Rb8 f4 82. Rb3+ f3 83. Kf1 Ra1+ 84. Rb1 Rxb1# 0-1


[Site "https://www.chess.com"]

[Event "Titled Tuesday Blitz February 14 Early 2023"]
[White "Sychev, Klementy"]
[Black "Tan, Jun Ying"]
[WhiteFideId "4114060"]
[BlackFideId "5710413"]
[WhiteElo "2547"]
[BlackElo "2307"]
[Result "1-0"]
[Round "02"]
[TimeControl "180+2"]
[Date "2023.02.15"]
[WhiteClock "0:00:04"]
[BlackClock "0:00:05"]

1. e4 c5 2. Nf3 Nc6 3. d4 cxd4 4. Nxd4 Nf6 5. Nc3 d6 6. Bg5 e6 7. Bb5 Bd7 8. Qd3 h6 9. Bh4 Be7 10. O-O-O O-O 11. Bxc6 Bxc6 12. f4 Rc8 13. f5 Bd7 14. Rhg1 Ng4 15. Bxe7 Qxe7 16. Qg3 Ne5 17. Rdf1 Qg5+ 18. Qxg5 hxg5 19. Rd1 Nc4 20. b3 Na3 21. Kb2 b5 22. Rd2 b4 23. Nce2 Rc5 24. c4 exf5 25. Ng3 f4 26. Ngf5 Re5 27. Nxd6 g6 28. Rc1 f5 29. exf5 gxf5 30. c5 Rd5 31. Rdd1 g4 32. Ne2 Rxd1 33. Rxd1 Bc6 34. Nxf4 Rf6 35. Re1 Rh6 36. h3 gxh3 37. gxh3 Rh4 38. Rf1 Nb5 39. Nxb5 Bxb5 40. Rf2 Bc6 41. Kc1 Kf7 42. Kd2 Kf6 43. Ke3 Rh8 44. Rf1 Re8+ 45. Kf2 Re4 46. Kg3 Ke5 47. h4 Re3+ 48. Kh2 Rc3 49. h5 Be4 50. h6 Rxc5 51. h7 Rc2+ 52. Kg3 Rc3+ 53. Kh4 Rc2 54. h8=Q+ Kd6 55. Qf6+ Kc7 56. Qe7+ Kb6 57. Qe6+ Ka5 58. Qe5+ Kb6 59. Rg1 Rc6 60. Nd5+ Kb7 61. Rg7+ Kc8 62. Qe8# 1-0


[Site "https://www.chess.com"]

[Event "Titled Tuesday Blitz February 14 Early 2023"]
[White "Prado Lobo, Jonas"]
[Black "Vokhidov, Shamsiddin"]
[WhiteFideId "32050666"]
[BlackFideId "14204223"]
[WhiteElo "2313"]
[BlackElo "2586"]
[Result "0-1"]
[Round "02"]
[TimeControl "180+2"]
[Date "2023.02.15"]
[WhiteClock "0:00:15"]
[BlackClock "0:01:50"]

1. d4 Nf6 2. c4 e6 3. Nc3 Bb4 4. Qc2 d5 5. cxd5 exd5 6. Bg5 h6 7. Bh4 Nc6 8. e3 g5 9. Bg3 h5 10. Bb5 h4 11. Be5 O-O 12. Bxc6 bxc6 13. h3 Ne4 14. Ne2 Ba6 15. a3 Bxc3+ 16. Nxc3 Nxc3 17. Qxc3 Rb8 18. Qxc6 Rb6 19. Qc2 Qd7 20. b4 Rc6 21. Qb2 f6 22. Bh2 Qf5 23. b5 Rc2 24. Qxc2 Qxc2 25. bxa6 Qc3+ 26. Ke2 Qc2+ 27. Kf3 Rb8 28. Rhc1 Qe4+ 29. Ke2 Qxg2 30. Bxc7 Rb2+ 31. Kd3 Qxf2 0-1


[Site "https://www.chess.com"]

[Event "Titled Tuesday Blitz February 14 Early 2023"]
[White "Urazayev, Arystanbek"]
[Black "Papp, Levente"]
[WhiteFideId "13709810"]
[BlackFideId "751243"]
[WhiteElo "2460"]
[BlackElo "2353"]
[Result "1/2-1/2"]
[Round "02"]
[TimeControl "180+2"]
[Date "2023.02.15"]
[WhiteClock "0:00:21"]
[BlackClock "0:00:13"]

1. d4 Nf6 2. c4 e6 3. Nc3 Bb4 4. Qc2 d5 5. a3 Bxc3+ 6. Qxc3 dxc4 7. Qxc4 b6 8. Bg5 O-O 9. Nf3 Ba6 10. Qa4 h6 11. Bh4 Qe7 12. Rc1 Rd8 13. e3 Bxf1 14. Kxf1 c5 15. dxc5 bxc5 16. Ne5 Qd6 17. Bxf6 gxf6 18. Nc4 Qd5 19. h4 Kh8 20. Rh3 Rg8 21. Rf3 Nc6 22. Rd1 Qe4 23. Nb6 Qxa4 24. Nxa4 f5 25. Nxc5 Rab8 26. b4 a5 27. Rd6 Ne5 28. Rf4 axb4 29. axb4 Rgd8 30. Rxd8+ Rxd8 31. Ke2 Kg7 32. Rd4 Rxd4 33. exd4 Nc6 34. Na6 Nxd4+ 35. Kd3 Nb5 36. Kc4 Na3+ 37. Kc5 Kg6 38. Nb8 Kh5 39. g3 f4 40. Nd7 fxg3 41. fxg3 Kg4 42. Ne5+ Kxg3 43. Nxf7 Kxh4 44. Nxh6 Kg5 45. Nf7+ Kf4 46. Nd6 e5 47. Nc4 Nxc4 48. Kxc4 e4 49. b5 e3 50. b6 e2 51. b7 e1=Q 52. b8=Q+ Kf3 53. Qf8+ Kg2 54. Qg8+ Qg3 55. Qxg3+ Kxg3 1/2-1/2


[Site "https://www.chess.com"]

[Event "Titled Tuesday Blitz February 14 Early 2023"]
[White "Manelyuk, Daniil"]
[Black "Dardha, Daniel"]
[WhiteFideId "44173920"]
[BlackFideId "240990"]
[WhiteElo "2302"]
[BlackElo "2631"]
[Result "0-1"]
[Round "02"]
[TimeControl "180+2"]
[Date "2023.02.15"]
[WhiteClock "0:00:06"]
[BlackClock "0:00:05"]

1. e4 c6 2. d4 d5 3. e5 Bf5 4. h4 h5 5. Bd3 Bxd3 6. Qxd3 Qa5+ 7. b4 Qa6 8. Nf3 Qxd3 9. cxd3 e6 10. Bd2 Nh6 11. Na3 Nf5 12. Nc2 Nd7 13. Ne3 Be7 14. Nxf5 exf5 15. e6 fxe6 16. O-O Bf6 17. Rae1 Kf7 18. Re2 Rhe8 19. Rfe1 b6 20. Bf4 Rac8 21. Rc1 c5 22. bxc5 bxc5 23. Rec2 Be7 24. Ne5+ Nxe5 25. Bxe5 c4 26. dxc4 Ba3 27. Rb1 Rxc4 28. Re2 Re7 29. Re3 Rc1+ 30. Rxc1 Bxc1 31. Rg3 g6 32. Rc3 Bh6 33. Rc8 Bg7 34. f4 Bxe5 35. fxe5 f4 36. Kf2 g5 37. hxg5 Kg6 38. Rg8+ Kf5 39. Kf3 Rc7 40. Rf8+ Kxg5 41. Rg8+ Kf5 42. Rf8+ Kg5 43. Rg8+ Kh4 44. Kxf4 Rf7+ 45. Ke3 Rb7 46. Rg6 Rb6 47. a4 Ra6 48. a5 Rxa5 49. Rxe6 Ra3+ 50. Kf4 Rd3 51. Rd6 Rxd4+ 52. Kf5 Kg3 53. Rg6+ Kf2 54. e6 Re4 55. Kf6 d4 56. Rg5 d3 57. Rxh5 d2 58. Rd5 Ke2 59. g3 a5 60. g4 a4 61. e7 d1=Q 62. Rxd1 Kxd1 63. g5 a3 64. g6 a2 65. g7 a1=Q+ 66. Kf7 Qa2+ 67. Kf8 Qe6 68. g8=Q Qxe7# 0-1


[Site "https://www.chess.com"]

[Event "Titled Tuesday Blitz February 14 Early 2023"]
[White "Predke, Alexandr"]
[Black "Rojas Salas, Steven"]
[WhiteFideId "24107581"]
[BlackFideId "3819434"]
[WhiteElo "2685"]
[BlackElo "2217"]
[Result "1/2-1/2"]
[Round "02"]
[TimeControl "180+2"]
[Date "2023.02.15"]
[WhiteClock "0:00:04"]
[BlackClock "0:00:07"]

1. e4 c5 2. Nf3 e6 3. c3 d5 4. e5 Nc6 5. d4 Qb6 6. a3 Nge7 7. b4 cxd4 8. cxd4 Nf5 9. Bb2 a5 10. b5 a4 11. Be2 Be7 12. O-O O-O 13. Bd3 Bd7 14. Nc3 Na7 15. Bxf5 exf5 16. Nxd5 Qd8 17. b6 Nc8 18. Bc3 Nxb6 19. Nxe7+ Qxe7 20. Bb4 Qe6 21. Bxf8 Kxf8 22. Rb1 Ra6 23. d5 Qxd5 24. Qxd5 Nxd5 25. Rxb7 Ke8 26. Rc1 Nf4 27. Rcc7 Rc6 28. Nd4 Rxc7 29. Rxc7 Nd3 30. Nf3 h6 31. h4 Nf4 32. Rc4 Nd5 33. Rc5 Nf4 34. Nd4 g6 35. Ra5 Nd3 36. g3 Nb2 37. Rc5 Nd3 38. Rd5 Nb2 39. f4 Nc4 40. Nc2 Be6 41. Rd4 Ke7 42. Kf2 Nb6 43. Ne3 Bb3 44. Rb4 Nd7 45. Rb5 Ke6 46. Ke2 f6 47. exf6 Nxf6 48. Kd3 Ne4 49. Rb6+ Kf7 50. Kd4 Nxg3 51. Ke5 Ne2 52. Rb7+ Ke8 53. Rh7 h5 54. Ra7 Kd8 55. Nf1 Ke8 56. Nd2 Nc3 57. Nf3 Nb5 58. Rb7 Nxa3 59. Kd6 Nc4+ 60. Kc7 Bc2 61. Nd4 Be4 62. Ra7 a3 63. Ne6 Bd5 64. Ng5 Ke7 65. Kc8+ Kd6 66. Kd8 Kc5 67. Ke7 Kd4 68. Kf6 Kc3 69. Nh7 Kb2 70. Nf8 Nb6 71. Nxg6 Bb3 72. Rxa3 Kxa3 73. Ne7 Bc2 74. Nxf5 Nc4 75. Kg5 Kb4 76. Ng7 Ne3 77. Nxh5 Kc5 78. Ng7 Kd6 79. f5 Ke7 80. f6+ Kf7 81. h5 Nd5 82. Nf5 Nxf6 83. Nd6+ Ke6 84. Nb5 Ne4+ 85. Kf4 Kd5 86. h6 Nf6 87. Kg5 Ne8 88. Nc3+ Ke6 89. Ne2 Kf7 90. Nf4 Bh7 91. Nh5 Bg6 92. Nf4 Be4 93. Nh5 Bh7 94. Nf4 Nf6 95. Nh5 Ne4+ 96. Kf4 Nd6 97. Ke5 Ne8 98. Nf4 Nf6 99. Ne6 Nd7+ 100. Kd6 Nf6 101. Ng5+ Kg6 102. Nxh7 Nxh7 103. Ke6 Kxh6 1/2-1/2


[Site "https://www.chess.com"]

[Event "Titled Tuesday Blitz February 14 Early 2023"]
[White "Sourath Biswas"]
[Black "Zhigalko, Sergei"]
[WhiteFideId "35091484"]
[BlackFideId "13502956"]
[WhiteElo "2281"]
[BlackElo "2572"]
[Result "0-1"]
[Round "02"]
[TimeControl "180+2"]
[Date "2023.02.15"]
[WhiteClock "0:00:13"]
[BlackClock "0:00:08"]

1. d4 Nf6 2. Bf4 d5 3. e3 c5 4. Nf3 Nc6 5. Nbd2 Qb6 6. dxc5 Qxc5 7. a3 Bg4 8. Be2 e6 9. c4 dxc4 10. Nxc4 Rd8 11. Qb3 Na5 12. Qa4+ Nc6 13. b4 b5 14. Qa6 Nxb4 15. axb4 Qxb4+ 16. Ncd2 Be7 17. Qxb5+ Kf8 18. O-O Nd5 19. Qxb4 Bxb4 20. Nc4 Nc3 21. Rfe1 f6 22. Bf1 e5 23. Bg3 Rd7 24. Rec1 Rc7 25. Na3 Kf7 26. Nb5 Nxb5 27. Bxb5 Rxc1+ 28. Rxc1 a5 29. Rc7+ Kg6 30. Nh4+ Kh6 31. h3 Be6 32. Bc4 Bxc4 33. Rxc4 Ra8 34. Rc7 Bf8 35. Rc2 a4 36. e4 a3 37. Ra2 Rb8 38. Nf5+ Kg6 39. Ne3 Rb2 40. Ra1 a2 41. Kh2 Bc5 42. Nc4 Rc2 43. Na5 Bd4 44. Nb3 Bxa1 45. Nxa1 Rc1 46. Nb3 Rb1 47. Nd2 a1=Q 48. Nxb1 Qxb1 49. f3 Qd3 50. h4 Kf7 51. Kh3 Qc2 52. Kg4 Qc8+ 53. Kh5 Qc2 0-1


[Site "https://www.chess.com"]

[Event "Titled Tuesday Blitz February 14 Early 2023"]
[White "Bharath Subramaniyam H"]
[Black "Belov, Alexei"]
[WhiteFideId "46634827"]
[BlackFideId "4128206"]
[WhiteElo "2517"]
[BlackElo "2421"]
[Result "1-0"]
[Round "02"]
[TimeControl "180+2"]
[Date "2023.02.15"]
[WhiteClock "0:01:31"]
[BlackClock "0:00:19"]

1. e4 e6 2. d4 d5 3. Nc3 Nf6 4. e5 Ne4 5. Nxe4 dxe4 6. Be3 c5 7. dxc5 Nd7 8. c3 Qc7 9. Bb5 Bxc5 10. Bxc5 Qxc5 11. Bxd7+ Bxd7 12. Qd6 Qxd6 13. exd6 Bc6 14. Ne2 O-O-O 15. O-O-O e5 16. c4 b6 17. b4 Kd7 18. Nc3 Rc8 19. Kb2 Bb7 20. Kb3 Rc6 21. Nxe4 h6 22. c5 f5 23. b5 fxe4 24. bxc6+ Bxc6 25. cxb6 Rb8 26. Rhe1 Rxb6+ 27. Kc3 Ra6 28. Kb2 Ra4 29. Re3 Rd4 30. Kc1 Kxd6 31. Rg3 g5 32. Rh3 Kd5 33. Rxh6 a6 34. Rg6 1-0


[Site "https://www.chess.com"]

[Event "Titled Tuesday Blitz February 14 Early 2023"]
[White "Hammer, Jon Ludvig"]
[Black "Pajeken, Jakob Leon"]
[WhiteFideId "1503707"]
[BlackFideId "12942839"]
[WhiteElo "2636"]
[BlackElo "2417"]
[Result "1-0"]
[Round "02"]
[TimeControl "180+2"]
[Date "2023.02.15"]
[WhiteClock "0:00:20"]
[BlackClock "0:00:06"]

1. e4 e5 2. Nf3 Nc6 3. Bb5 a6 4. Ba4 Be7 5. O-O Nf6 6. Re1 b5 7. Bb3 d6 8. c3 O-O 9. h3 Na5 10. Bc2 c5 11. d4 Qc7 12. d5 Nd7 13. b3 Nb6 14. Nfd2 Bg5 15. c4 bxc4 16. Nxc4 Bxc1 17. Nxb6 Qxb6 18. Qxc1 f5 19. exf5 Bxf5 20. Nd2 c4 21. Bxf5 Rxf5 22. Ne4 cxb3 23. Rb1 Rb8 24. axb3 Nxb3 25. Qc6 a5 26. Re3 Qxc6 27. dxc6 a4 28. c7 Ra8 29. Nxd6 Rff8 30. Rc3 Rfc8 31. Nxc8 Rxc8 32. Rd1 Nd4 33. Kf1 Nb5 34. Rc5 Nd4 35. Rxe5 Nb3 36. Rd8+ Kf7 37. Rxc8 1-0


[Site "https://www.chess.com"]

[Event "Titled Tuesday Blitz February 14 Early 2023"]
[White "Al-Tarboush, Ward"]
[Black "Yeletsky, Ivan"]
[WhiteFideId "7601450"]
[BlackFideId "24180327"]
[WhiteElo "2256"]
[BlackElo "2494"]
[Result "0-1"]
[Round "02"]
[TimeControl "180+2"]
[Date "2023.02.15"]
[WhiteClock "0:00:11"]
[BlackClock "0:00:18"]

1. e4 d6 2. d4 Nf6 3. Nc3 c6 4. Nf3 Bg4 5. Be3 e6 6. h3 Bh5 7. g4 Bg6 8. e5 Ne4 9. Bg2 Nd7 10. exd6 Bxd6 11. O-O h5 12. g5 h4 13. Nxe4 Bxe4 14. Nd2 Bxg2 15. Kxg2 Qa5 16. Ne4 Qd5 17. Qf3 Be7 18. b3 O-O-O 19. c4 Qf5 20. Qxf5 exf5 21. Nc3 Nf8 22. f4 Bb4 23. Ne2 Ne6 24. Kf3 Rd7 25. Rad1 Rhd8 26. Rd3 Nc5 27. Rdd1 Ne4 28. Rd3 b6 29. Ra1 Ba3 30. Rb1 a5 31. Rbd1 Nc5 32. R3d2 Ne4 33. Rc2 Kb7 34. Nc3 Re8 35. Nxe4 Rxe4 36. Re2 Bd6 37. Red2 Rde7 38. Rd3 Bc7 39. d5 cxd5 40. cxd5 Bd6 41. Rc1 Rc7 42. Rxc7+ Kxc7 43. Rc3+ Kd7 44. Rc6 f6 45. Rxb6 Rxe3+ 46. Kxe3 Bc5+ 47. Kd3 Bxb6 48. gxf6 gxf6 49. Kc4 Kd6 50. a3 Be3 51. b4 axb4 52. axb4 Bxf4 53. Kd4 Bh2 54. b5 Bg1+ 55. Kc4 f4 56. Kd3 Kxd5 57. Ke2 Ke4 58. Kf1 Bb6 59. Kg2 f3+ 60. Kh1 Kd5 61. Kh2 Kc4 62. Kh1 Kxb5 63. Kh2 Kc4 64. Kh1 Kd5 65. Kh2 Ke4 66. Kh1 Ke3 67. Kh2 Ke2 68. Kh1 f2 69. Kh2 f5 70. Kh1 f1=Q+ 71. Kh2 Qg1# 0-1


[Site "https://www.chess.com"]

[Event "Titled Tuesday Blitz February 14 Early 2023"]
[White "Livaic, Leon"]
[Black "Injac, Teodora"]
[WhiteFideId "14531534"]
[BlackFideId "932400"]
[WhiteElo "2579"]
[BlackElo "2391"]
[Result "1-0"]
[Round "02"]
[TimeControl "180+2"]
[Date "2023.02.15"]
[WhiteClock "0:00:13"]
[BlackClock "0:00:01"]

1. e4 c5 2. Nf3 d6 3. d4 cxd4 4. Qxd4 Nc6 5. Bb5 Bd7 6. Bxc6 Bxc6 7. Nc3 Nf6 8. Bg5 e6 9. O-O-O Be7 10. Rhe1 O-O 11. e5 dxe5 12. Nxe5 Qc7 13. Qc4 h6 14. Bxf6 Bxf6 15. Nxc6 Rac8 16. Ne5 Qxc4 17. Nxc4 Rxc4 18. Ne4 Be5 19. g3 Rfc8 20. c3 Bb8 21. Rd7 b5 22. Rb7 b4 23. Nd2 R4c6 24. Rxb4 a5 25. Rb7 Bd6 26. Nb3 a4 27. Nd4 Rc4 28. Nb5 Bf8 29. a3 R4c5 30. Rd1 Rc4 31. Rdd7 R4c5 32. Nd6 Bxd6 33. Rxd6 Rf5 34. Rd2 g5 35. Rb4 h5 36. Rxa4 1-0


[Site "https://www.chess.com"]

[Event "Titled Tuesday Blitz February 14 Early 2023"]
[White "Gjestemoen-VonHirsch, Andre"]
[Black "Kovalenko, Igor"]
[WhiteFideId "1539531"]
[BlackFideId "14117908"]
[WhiteElo "2314"]
[BlackElo "2674"]
[Result "0-1"]
[Round "02"]
[TimeControl "180+2"]
[Date "2023.02.15"]
[WhiteClock "0:00:10"]
[BlackClock "0:02:08"]

1. d4 Nf6 2. Bf4 c5 3. e3 b6 4. Nd2 Bb7 5. Ngf3 d6 6. c3 Nbd7 7. Be2 g6 8. O-O Bg7 9. Qb3 O-O 10. h3 Qc7 11. Rac1 a6 12. a4 Bc6 13. Qc2 Qb7 14. b4 cxb4 15. cxb4 Rfc8 16. Qb3 b5 17. a5 Bd5 18. Qb2 Ne4 19. Nxe4 Bxe4 20. Bg3 Nf6 21. Rfd1 Bd5 22. Bf1 h6 23. Nd2 Nh5 24. Bh2 f5 25. Nb1 Nf6 26. Nc3 Bc4 27. Ne2 Rc7 28. Rc2 Rac8 29. Rdc1 Kf7 30. Ng3 Nd5 31. Ne2 Bd3 32. Rxc7 Rxc7 33. Rxc7 Qxc7 34. Nf4 Nxf4 35. Bxf4 Bxf1 36. Kxf1 Qc4+ 37. Ke1 g5 38. Bg3 f4 39. Bh2 e5 40. exf4 exf4 0-1


[Site "https://www.chess.com"]

[Event "Titled Tuesday Blitz February 14 Early 2023"]
[White "Gharibyan, Mamikon"]
[Black "Hirneise, Jens"]
[WhiteFideId "13308300"]
[BlackFideId "24614734"]
[WhiteElo "2500"]
[BlackElo "2277"]
[Result "1-0"]
[Round "02"]
[TimeControl "180+2"]
[Date "2023.02.15"]
[WhiteClock "0:00:38"]
[BlackClock "0:00:38"]

1. e4 e5 2. Nf3 d5 3. Nxe5 Qe7 4. d4 dxe4 5. Nc3 Nf6 6. Bg5 h6 7. Bh4 g5 8. Bg3 Bg7 9. Bc4 Be6 10. Qe2 Bxc4 11. Qxc4 c6 12. O-O-O b5 13. Qe2 O-O 14. h4 b4 15. Na4 Nd5 16. hxg5 Qxg5+ 17. Kb1 Re8 18. Qxe4 f6 19. Bh4 Qf4 20. Qg6 Na6 21. Qf7+ Kh7 22. Bg3 Qg5 23. Bh4 Qf4 24. Qg6+ Kg8 25. g3 Qxf2 26. Ng4 Qf3 27. Nxh6+ Kh8 28. Bxf6 Qxd1+ 29. Rxd1 Nxf6 30. Nf5 1-0


[Site "https://www.chess.com"]

[Event "Titled Tuesday Blitz February 14 Early 2023"]
[White "Alinasab, Mobina"]
[Black "Paichadze, Luka"]
[WhiteFideId "12528897"]
[BlackFideId "13602934"]
[WhiteElo "2347"]
[BlackElo "2515"]
[Result "0-1"]
[Round "02"]
[TimeControl "180+2"]
[Date "2023.02.15"]
[WhiteClock "0:00:27"]
[BlackClock "0:01:13"]

1. e4 c6 2. d4 d5 3. Nd2 dxe4 4. Nxe4 Nf6 5. Nxf6+ gxf6 6. Nf3 h5 7. h4 Bf5 8. Bd3 Nd7 9. Bxf5 Qa5+ 10. c3 Qxf5 11. Be3 O-O-O 12. Qe2 Nb6 13. O-O-O e6 14. Qc2 Qd5 15. Kb1 Rg8 16. Rhg1 Nc4 17. Bc1 a5 18. b3 Nd6 19. c4 Qe4 20. d5 Qxc2+ 21. Kxc2 cxd5 22. cxd5 e5 23. Be3 a4 24. Bb6 Rd7 25. g3 Bh6 26. Rge1 Kb8 27. Nd2 Rc8+ 28. Kb2 a3+ 29. Kxa3 Rc2 30. Ne4 Bf8 31. Nxd6 Rxd6 0-1


[Site "https://www.chess.com"]

[Event "Titled Tuesday Blitz February 14 Early 2023"]
[White "Mitrabha, Guha"]
[Black "Gimenez Aguirre, Alejo Ismael"]
[WhiteFideId "5057000"]
[BlackFideId "32041667"]
[WhiteElo "2507"]
[BlackElo "2273"]
[Result "1-0"]
[Round "02"]
[TimeControl "180+2"]
[Date "2023.02.15"]
[WhiteClock "0:01:01"]
[BlackClock "0:00:04"]

1. d4 Nf6 2. Nf3 e6 3. Bf4 c5 4. e3 Nc6 5. Nbd2 cxd4 6. exd4 a6 7. Nc4 d6 8. c3 b5 9. Ne3 Bb7 10. Bd3 Be7 11. O-O Nh5 12. Bg3 Nxg3 13. hxg3 Bf6 14. d5 Ne7 15. dxe6 fxe6 16. a4 Qb6 17. axb5 axb5 18. Rxa8+ Bxa8 19. Qb3 Kf7 20. Re1 Bxf3 21. gxf3 Rb8 22. Ng2 Nd5 23. Bf5 Nc7 24. Bxe6+ Kf8 25. Bg8 d5 26. Bxh7 b4 27. Qa4 bxc3 28. bxc3 Qc5 29. Nf4 Qd6 30. Qa7 Re8 31. Rxe8+ Kxe8 32. Qb8+ Ke7 33. Qg8 Ne6 34. Ng6+ Kd7 35. Qa8 Nc7 36. Qa4+ Qc6 37. Qg4+ Kd8 38. Nf8 Qxc3 39. Qd7# 1-0


[Site "https://www.chess.com"]